 Seeded DCSS version 0.30.1-4-g462c640d31 (webtiles) character file.

Game seed: 6351066067085065685 (custom seed)

12176 Esekla the Thaumaturge (level 11, -4/61 HPs)
             Began as a Deep Elf Necromancer on Aug 11, 2023.
             Was an Elder of Vehumet.
             Succumbed to Lodul's poison
             ... on level 10 of the Dungeon.
             The game lasted 01:13:17 (9832 turns).

Esekla the Thaumaturge (Deep Elf Necromancer)       Turns: 9832, Time: 01:13:17

Health: -4/61      AC:  9    Str:  5    XL:     11   Next: 59%
Magic:  38/38      EV: 16    Int: 25    God:    Vehumet [****..]
Gold:   736        SH:  0    Dex: 15    Spells: 9/34 levels left

rFire   . . .        a - +5 scimitar
rCold   . . .        (no shield)
rNeg    . . .        f - +0 steam dragon scales
rPois   .            P - +1 helmet
rElec   .            t - +0 cloak
rCorr   .            j - +0 pair of gloves
SInv    .            (no boots)
Will    +....        B - amulet of magic regeneration
Stlth   +++          N - ring of magical power
HPRegen 0.30/turn    (no ring)
MPRegen 0.66/turn

%: no passive effects
@: lethally poisoned (-4 -> -32), studying Fighting
A: no striking features
a: Renounce Religion


You were on level 10 of the Dungeon.
You worshipped Vehumet.
Vehumet was greatly pleased with you.
You visited 2 branches of the dungeon, and saw 12 of its levels.
You also visited: Bailey.

You collected 736 gold pieces.

Inventory:

Hand Weapons
 a - a +5 scimitar (weapon)
 h - a +5 long sword
 r - a +4 trident of venom
 s - the +5 rapier of the Hero {heavy, rN+ Dex+3}
   (You found it on level 3 of the Dungeon)

   Dex:       It affects your dexterity (+3).
   rN:        It protects you from negative energy.
 v - a +2 rapier of venom
Missiles
 c - 55 poisoned darts
 J - 6 curare-tipped darts
 K - 5 boomerangs (quivered)
Armour
 f - +0 steam dragon scales (worn)
 j - a +0 pair of gloves (worn)
 t - a +0 cloak (worn)
 H - a +0 buckler
 P - a +1 helmet (worn)
 R - a +0 troll leather armour
Jewellery
 B - an amulet of magic regeneration (around neck)
 E - an amulet of reflection
 N - a ring of magical power (left hand)
 V - a ring of ice
Wands
 n - a wand of roots (15)
 C - a wand of flame (9)
 G - a wand of mindburst (9)
 S - a wand of charming (6)
Scrolls
 e - 4 scrolls of fear
 l - a scroll of immolation {unknown}
 o - 2 scrolls of fog
 q - 2 scrolls of acquirement
 u - 2 scrolls of amnesia
 w - 4 scrolls of enchant weapon
 x - 2 scrolls of silence {unknown}
 y - a scroll of vulnerability {unknown}
 z - a scroll of magic mapping
 D - 3 scrolls of blinking
 F - 2 scrolls of poison
 I - 3 scrolls of noise {unknown}
 M - 2 scrolls of torment {unknown}
 O - a scroll of enchant armour {unknown}
 Q - 2 scrolls of identify
 T - a scroll of teleportation
Potions
 b - 2 potions of magic
 d - 3 potions of ambrosia
 g - a potion of mutation {unknown}
 i - 8 potions of curing
 k - 6 potions of attraction {unknown}
 m - 2 potions of haste
 p - 4 potions of brilliance {unknown}
 A - 2 potions of lignification
 L - a potion of cancellation {unknown}
 U - a potion of degeneration {unknown}


   Skills:
 * Level 4.3 Fighting
 + Level 4.5(4.7) Short Blades
 + Level 1.7(3.1) Long Blades
 + Level 2.0 Throwing
 * Level 0.7 Armour
 * Level 8.0 Dodging
 + Level 5.0 Stealth
 * Level 2.2 Shields
 * Level 12.1 Spellcasting
 * Level 2.7 Conjurations
 + Level 10.7 Necromancy
 + Level 6.1 Translocations
 * Level 2.8 Fire Magic
 + Level 3.8 Ice Magic
 + Level 3.6 Air Magic
 + Level 3.6 Poison Magic
 + Level 1.1 Evocations


You had 9 spell levels left.
You knew the following spells:

 Your Spells              Type           Power      Damage    Failure   Level
a - Necrotise             Necr           100%       1d9       1%          1
b - Plasma Beam           Fire/Air       15%        2x1d29    36%         6
c - Freeze                Ice            100%       1d10      1%          1
d - Vampiric Draining     Necr           62%        2d10      1%          3
e - Shock                 Conj/Air       100%       1d9       1%          1
f - Fireball              Conj/Fire      14%        3d8       10%         5
r - Frozen Ramparts       Ice            68%        1d11      1%          3
t - Teleport Other        Tloc           45%        N/A       1%          3
v - Poisonous Vapours     Pois/Air       66%        N/A       1%          2

Your spell library contained the following spells:

 Spells                   Type           Power      Damage    Failure   Level
 Lesser Beckoning         Tloc           90%        N/A       1%          2
 Gell's Gravitas          Tloc           45%        N/A       1%          3
 Animate Dead             Necr           62%        N/A       1%          4
 Agony                    Necr           62%        N/A       1%          5
 Spider Form              Tmut/Pois      24%        N/A       5%          3
 Cause Fear               Hex            7%         N/A       36%         4
 Summon Mana Viper        Hex/Summ       15%        N/A       73%         5


Dungeon Overview and Level Annotations

Branches:
Dungeon (11/15)            Temple (0/1) D:6             Orc (1/2) D:10
 Bailey (visited)
   Lair: D:8-11

Altars:
Dithmenos
Fedhas
Hepliaklqana
Nemelex Xobeh
Okawaru
Qazlal
Ru
Trog
Uskayaw
Vehumet
Zin
The Shining One

Shops:
D:2 =   D:4 (

Annotations:
D:7 Joseph
D:10 Lodul


Message History

Press: ? - help, Shift-Dir - straight line, f - ogre
Aim: an ogre, wielding a +0 giant spiked club (severely wounded)
You draw life force from the ogre!
You kill the ogre!
Vehumet accepts your kill.
You feel your power returning.
You feel life coursing into your body.
Casting: Vampiric Draining (safe; 1% risk of failure)
Confirm with . or Enter, or press ? or * to list all spells.
Aiming: Vampiric Draining (safe; 1% risk of failure)
Press: ? - help, Shift-Dir - straight line, f - ogre
Aim: an ogre, wielding a +0 giant club (moderately wounded)
You draw life force from the ogre!
You feel life coursing into your body. The ogre closely misses you.
You hit the ogre.
The ogre is almost dead.
You slash the ogre!
You kill the ogre!
Vehumet accepts your kill.
You feel your power returning.
Your Dodging skill increases to level 8!
Items here: ))) ††††.
There is a stone staircase leading down, spattered with blood here.
You start resting.
Magic restored.
You start resting.
HP restored.
You climb downwards.
Level annotation: Lodul The wolf bites you.
The wolf misses you.
An ogre comes into view. It is wielding a +0 giant spiked club.
There is a stone staircase leading up, spattered with blood here.
The wolf closely misses you.
The ogre hits you with a +0 giant club!!
Lodul hits you with a +4 dire flail of venom!!
Ouch! That really hurt!
* * * LOW HITPOINT WARNING * * *
You are lethally poisoned!
The wolf closely misses you.
You climb upwards.
You die...

###########
..........#
..........#
..........#
..........########
.............hOO@#
...........#######
...........#
...........########
..)........#......#
.##...##...#.####.#
.)).####.###.#..#.#
.#### #.# #.#..#.#
.# #.###.#..#.#


You could see Lodul, an ogre and a wolf.

Vanquished Creatures
  Harold (D:9)
  2 two-headed ogres
  Pikel (D:6)
  2 orc knights (Bailey)
  2 cyclopes (D:9)
  A kobold demonologist (D:9)
  A troll (D:10)
  2 centaur simulacra (D:11)
  3 wyverns
  8 yaks (D:10)
  Menkaure (D:7)
  2 steam dragons
  3 ice beasts
  A sky beast (D:6)
  10 orc warriors
  2 black bears
  5 ogres
  2 centaurs
  A phantom (D:7)
  Blork the orc (D:6)
  4 kobold brigands
  2 bullfrogs
  3 gnoll sergeants
  2 scorpions (D:5)
  10 wights
  15 killer bees
  2 howler monkeys (D:10)
  2 quasits
  2 gnoll boudas
  6 hounds
  A jelly (D:6)
  Crazy Yiuf (D:7)
  7 orc priests
  A sleepcap (D:5)
  5 iguanas
  10 orc wizards
  27 gnolls
  9 adders
  2 shadow imps (D:8)
  7 white imps
  4 ufetubi
  A worm (D:4)
  3 dart slugs
  55 orcs
  6 ball pythons
  4 bats
  4 endoplasms
  8 goblins
  7 hobgoblins
  A quokka (D:1)
  4 frilled lizards
  21 kobolds
  A rat (D:2)
288 creatures vanquished.

Vanquished Creatures (others)
  A shadow imp (D:8)
  A white imp (D:8)
2 creatures vanquished.

Grand Total: 290 creatures vanquished

Notes
Turn   | Place    | Note
-------+----------+-------------------------------------------
     0 | D:1      | Esekla the Deep Elf Necromancer began the quest for the
                  | Orb.
     0 | D:1      | Reached XP level 1. HP: 10/10 MP: 6/6
   140 | D:1      | Reached skill level 5 in Necromancy
   269 | D:4      | Found an iron altar of Okawaru.
   334 | D:4      | Found a glowing silver altar of Zin.
   353 | D:4      | Found a radiant altar of Vehumet.
   357 | D:4      | Became a worshipper of Vehumet
   533 | D:3      | Identified the +5 rapier of the Hero {heavy, rN+ Dex+3}
   589 | D:2      | Reached XP level 2. HP: 15/15 MP: 8/8
   609 | D:2      | Found Renulab's Jewellery Shop.
   844 | D:1      | Reached XP level 3. HP: 16/19 MP: 9/9
   848 | D:1      | Learned a level 3 spell: Vampiric Draining
   885 | D:1      | Reached skill level 1 in Short Blades
  1148 | D:2      | Reached * piety under Vehumet
  1148 | D:2      | Offered knowledge of Freeze by Vehumet.
  1153 | D:2      | Learned a level 3 spell: Teleport Other
  1155 | D:2      | Learned a level 1 spell: Freeze
  1325 | D:2      | Noticed a black bear
  1334 | D:2      | Killed a black bear
  1335 | D:2      | Reached XP level 4. HP: 24/24 MP: 11/11
  1335 | D:2      | Reached XP level 5. HP: 28/28 MP: 12/12
  1391 | D:2      | Found a faded altar of an unknown god.
  1441 | D:2      | Reached skill level 1 in Translocations
  1938 | D:3      | Found a stormy altar of Qazlal.
  1941 | D:3      | Found a hazy altar of Hepliaklqana.
  1941 | D:3      | Found a bloodstained altar of Trog.
  2204 | D:4      | Found Ponaysk's Antique Weapon Boutique.
  2382 | D:4      | Found a glowing golden altar of the Shining One.
  2394 | D:4      | Reached XP level 6. HP: 32/32 MP: 13/13
  2519 | D:4      | Reached skill level 4 in Spellcasting
  2733 | D:4      | Offered knowledge of Shock by Vehumet.
  2737 | D:4      | Reached ** piety under Vehumet
  2742 | D:4      | Learned a level 1 spell: Shock
  2845 | D:5      | Entered Level 5 of the Dungeon
  2850 | D:5      | Got the Parchment of the Lumpy Olives
  2962 | D:5      | Reached skill level 5 in Spellcasting
  2992 | D:5      | Reached XP level 7. HP: 29/36 MP: 9/17
  3169 | D:5      | Found a shadowy altar of Dithmenos.
  3386 | D:5      | Reached skill level 6 in Spellcasting
  3749 | D:6      | Reached XP level 8. HP: 41/41 MP: 19/19
  3755 | D:6      | Noticed Pikel
  3768 | D:6      | Killed Pikel
  3769 | D:6      | Reached skill level 5 in Dodging
  3769 | D:6      | Reached skill level 7 in Spellcasting
  3837 | D:6      | Noticed Blork the orc
  3872 | D:6      | Killed Blork the orc
  3970 | D:6      | You fall into a shaft and drop 3 floors!
  4006 | D:9      | Found a sparkling altar of Nemelex Xobeh.
  4066 | D:9      | Noticed a two-headed ogre
  4079 | D:9      | Killed a two-headed ogre
  4080 | D:9      | Reached skill level 1 in Throwing
  4080 | D:9      | Reached skill level 8 in Spellcasting
  4080 | D:9      | Reached XP level 9. HP: 45/45 MP: 21/23
  4323 | D:9      | Found a flagged portal.
  4327 | D:9      | Offered knowledge of Poisonous Vapours by Vehumet.
  4340 | D:9      | Learned a level 2 spell: Poisonous Vapours
  4343 | Bailey   | Entered a bailey
  4541 | Bailey   | Reached *** piety under Vehumet
  4581 | Bailey   | Identified the +2 bardiche of Puhoisos {heavy, rElec
                  | Stlth+}
  4632 | Bailey   | Reached skill level 1 in Poison Magic
  4745 | Bailey   | Noticed an orc knight
  4745 | Bailey   | Noticed an orc knight
  4784 | Bailey   | Killed an orc knight
  4785 | Bailey   | Reached skill level 9 in Spellcasting
  4785 | Bailey   | Reached skill level 1 in Air Magic
  4800 | Bailey   | Reached skill level 10 in Necromancy
  4965 | Bailey   | Killed an orc knight
  4966 | Bailey   | Reached skill level 5 in Translocations
  4966 | Bailey   | Reached skill level 1 in Evocations
  5175 | D:9      | Reached skill level 1 in Fighting
  5196 | D:9      | Offered knowledge of Frozen Ramparts by Vehumet.
  5197 | D:9      | Reached XP level 10. HP: 52/52 MP: 25/25
  5202 | D:9      | Learned a level 3 spell: Frozen Ramparts
  5205 | D:9      | Reached skill level 5 in Stealth
  5205 | D:9      | Reached skill level 10 in Spellcasting
  5326 | D:9      | Noticed Harold
  5413 | D:8      | Noticed a two-headed ogre
  5451 | D:7      | Noticed Menkaure
  5458 | D:7      | Killed Menkaure
  5537 | D:7      | Reached skill level 1 in Ice Magic
  5561 | D:7      | Found a runed translucent door.
  5562 | D:7      | Noticed Crazy Yiuf
  5572 | D:7      | Killed Crazy Yiuf
  5726 | D:7      | Reached **** piety under Vehumet
  5812 | D:7      | Offered knowledge of Fireball by Vehumet.
  5820 | D:7      | Learned a level 5 spell: Fireball
  5838 | D:7      | Reached skill level 1 in Conjurations
  5978 | D:6      | Found a staircase to the Ecumenical Temple.
  6235 | D:6      | Found a blossoming altar of Fedhas.
  6454 | D:7      | Noticed Joseph
  6890 | D:8      | Reached skill level 1 in Fire Magic
  7046 | D:8      | Killed a two-headed ogre
  7072 | D:8      | Found a transporter.
  7073 | D:8      | Found a transporter.
  7077 | D:8      | Found a transporter.
  7080 | D:8      | Found a transporter.
  7130 | D:8      | Found a hide-covered altar of Uskayaw.
  7248 | D:8      | Reached skill level 11 in Spellcasting
  7256 | D:8      | Reached ***** piety under Vehumet
  7386 | D:8      | Offered knowledge of Plasma Beam by Vehumet.
  7395 | D:8      | Learned a level 6 spell: Plasma Beam
  7708 | D:9      | Killed Harold
  7709 | D:9      | Reached skill level 1 in Shields
  7847 | D:9      | Noticed a cyclops
  7855 | D:9      | Killed a cyclops
  7856 | D:9      | Reached XP level 11. HP: 47/58 MP: 28/28
  8271 | D:10     | Entered Level 10 of the Dungeon
  8303 | D:10     | Found a staircase to the Orcish Mines.
  8627 | D:10     | Reached skill level 1 in Long Blades
  8677 | D:10     | Found a sacrificial altar of Ru.
  9104 | Orc:1    | Entered Level 1 of the Orcish Mines
  9106 | Orc:1    | Noticed an orc knight
  9446 | D:11     | Reached skill level 12 in Spellcasting
  9658 | D:11     | Noticed Lodul
  9832 | D:10     | Succumbed to Lodul's poison

Illustrated notes

Levels and vault maps discovered:
D:1:      sevenhm_arrival_forest_fort_small_3, layout_rooms,
          chequers_serial_rivers_room_b, minmay_misc_feat_five
D:2:      layout_loops_ring, dreamdust_ecumenical_altar_angels_and_demons,
          serial_shops, shop
D:3:      layout_basic, grunt_temple_overflow_open, minmay_misc_feat_iff
D:4:      layout_basic, nicolae_overflow_quartered_altars, serial_shops,
          nicolae_diamond_shop
D:5:      layout_loops_ring, lemuel_doored_altar, minmay_misc_feat_rows,
          dreamdust_wishing_well
D:6:      layout_loops_cross, fedhas_altar_fruit_tree,
          minmay_temple_entry_glass, uniq_pikel, uniq_blork_the_orc
D:7:      layout_basic, uniq_menkaure, uniq_joseph, uniq_crazy_yiuf_cottage
D:8:      layout_basic, nicolae_uskayaw_dance_hall, serial_demonic,
          serial_demonic_d, serial_demonic_a, serial_demonic_c,
          serial_demonic_c, nicolae_diode_quadrants
D:9:      layout_irregular_city, kennysheep_little_box, enter_bailey_4,
          minmay_between, uniq_harold
D:10:     layout_basic, nicolae_ru_awakened_eye
D:11:     layout_rooms, hellmonk_lair_entry_icy, serial_ice, serial_ice_j,
          serial_ice_m, serial_ice_o, serial_ice_c, serial_ice_g, serial_ice_f,
          guppyfry_shop_earth, uniq_psyche, uniq_lodul
Orc:1:    layout_caves

Skill      XL: |  1  2  3  4  5  6  7  8  9 10 11 |
---------------+----------------------------------+-----
Necromancy     | 5 6 7 9 10 | 10.7
Dodging        | 3 4 5 6 7 8 |  8.0
Short Blades   | 2 3 4 |  4.5
Stealth        | 3 4 5 |  5.0
Translocations | 2 3 4 5 6 |  6.1
Spellcasting   | 5 6 8 9 11 12 | 12.1
Throwing       | 1 2 |  2.0
Poison Magic   | 2 3 |  3.6
Air Magic      | 2 3 |  3.6
Evocations     | 1 |  1.1
Fighting       | 1 2 4 |  4.3
Ice Magic      | 3 |  3.8
Conjurations   | 2 |  2.7
Fire Magic     | 1 2 |  2.8
Shields        | 1 2 |  2.2
Long Blades    | 1 |  1.7
Armour         | |  0.7

Action                     |  1- 3 |  4- 6 |  7- 9 | 10-12 || total
---------------------------+-------+-------+-------+-------++-------
  Melee: Short sword       |    25 |       |       |       ||    25
         Unarmed           |    14 |       |       |       ||    14
         Rapier            |    44 |    81 |    75 |   114 ||   314
         Punch             |     2 |       |       |     3 ||     5
         Scimitar          |       |       |     7 |   127 ||   134
  Throw: Dart              |       |     6 |    12 |     9 ||    27
         Boomerang         |       |       |       |     8 ||     8
   Cast: Vampiric Draining |     1 |    22 |    43 |    89 ||   155
         Poisonous Vapours |       |       |     8 |    56 ||    64
         Teleport Other    |       |       |     1 |       ||     1
         Fireball          |       |       |       |    21 ||    21
         Frozen Ramparts   |       |       |       |    12 ||    12
         Shock             |       |       |       |     1 ||     1
  Evoke: Wand              |     2 |       |    11 |     7 ||    20
    Use: Scroll            |       |       |     7 |     8 ||    15
         Potion            |       |       |     4 |     1 ||     5
   Stab: Sleeping          |     4 |     4 |     6 |     4 ||    18
 Armour: Robe              |    15 |    16 |    18 |       ||    49
         Steam dragon scal |       |       |       |   139 ||   139
  Dodge: Dodged            |    71 |    77 |   126 |   347 ||   621
